[Event "Early-Titled-Tuesday-Blitz-May-14-2024"]
[Site "Chess.com"]
[Date "2024.05.14"]
[Round "11"]
[White "FXDon77"]
[Black "CarlosjPineror"]
[Result "1-0"]
[WhiteElo "2870"]
[BlackElo "2742"]
[TimeControl "180+1"]
[EndTime "10:08:42 PDT"]
[Termination "FXDon77 won by resignation"]

1. e4 c5 2. Nf3 e6 3. d4 cxd4 4. Nxd4 a6 5. c4 Qc7 6. Nc3 Nf6 7. a3 d6 8. Be3 Be7 9. Rc1 b6 10. Be2 Bb7 11. f3 Nbd7 12. O-O O-O 13. Qd2 Rac8 14.
Rfd1 Qb8 15. b4 Bd8 16. Kh1 Bc7 17. Bf1 Rfe8 18. Qf2 h6 19. a4 Red8 20. b5 a5 21. Nc6 Bxc6 22. bxc6 Nc5 23. Nb5 Qa8 24. Qg3 Kf8 25.
Nxc7 Rxc7 26. Rxd6 Rxc6 27. Rxd8+ Qxd8 28. e5 Nfd7 29. Rd1 Qe7 30. f4 Nxa4 31. Qf3 Rc7 32. Rd6 Nac5 33. Bxc5 bxc5 34. Qa8+ Qe8 35. Qxa5 Qc8 36. h3 Ke7 37. Be2 Rc6 38. Rd1 Qc7 39. Qa3 Qb6 40. Qg3 g6 41. Qh4+ Ke8 42. Qxh6 Qa7 43. Qh8+ Ke7 44. h4 Ra6 45. h5 gxh5 46. Bxh5 Ra1 47. Rxa1 Qxa1+ 48. Kh2 Qd4 49. Qh6 Qxc4 50. Qg5+ f6 51.
exf6+ Kd6 52. f7 Qe4 53. Qh6 Ke7 54. f8=Q+ Nxf8 55. Qg7+ Kd6 56. Qxf8+ Kc7 57. Qxc5+ 1-0

[Event "Early-Titled-Tuesday-Blitz-May-14-2024"]
[Site "Chess.com"]
[Date "2024.05.14"]
[Round "11"]
[White "dontcatchmeifyoucant"]
[Black "SlavenPastar"]
[Result "0-1"]
[WhiteElo "2436"]
[BlackElo "2627"]
[TimeControl "180+1"]
[EndTime "10:08:44 PDT"]
[Termination "SlavenPastar won by checkmate"]

1. e4 b6 2. d4 Bb7 3. Bd3 Nf6 4. Nd2 e6 5. Ngf3 d5 6. e5 Ne4 7. O-O Be7 8. Qe2 Nxd2 9. Bxd2 c5 10. c3 a5 11. Ne1 Ba6 12. Bxa6 Nxa6 13. Qb5+ Qd7 14. Qxb6 O-O 15. Qb3 Rab8 16. Qc2 Rfc8 17. Nf3 Rb7 18. Rfc1 Nb8 19. Be3 c4 20. Rf1 a4 21. a3 Rb3 22. Nd2 Rb6 23. f4 g6 24.
g4 Qb7 25. Rab1 Nc6 26. f5 Na5 27. fxe6 fxe6 28. Nf3 Rb8 29. Bc1 Rb3 30. Qf2 Bxa3 31. Ng5 Qe7 32. Qh4 Rf8 33. Rxf8+ Kxf8 34. Nxh7+ Ke8 35.
Nf6+ Kd8 36. Bg5 Kc8 37. Nxd5 Qd7 38. Qh8+ Kb7 39. Nf6 Qc7 40. Qe8 Bxb2 41. Qxe6 Bxc3 42. Rxb3+ cxb3 43. Nd5 Bxd4+ 44. Kg2 Qc2+ 45. Kf3 Qd3+ 46.
Kg2 Qe2+ 47. Kg3 Qf2+ 48. Kh3 Qf3+ 49. Kh4 Bf2# 0-1

[Event "Early-Titled-Tuesday-Blitz-May-14-2024"]
[Site "Chess.com"]
[Date "2024.05.14"]
[Round "11"]
[White "PapaieDudu"]
[Black "aloe_normansen"]
[Result "0-1"]
[WhiteElo "2376"]
[BlackElo "2562"]
[TimeControl "180+1"]
[EndTime "10:08:48 PDT"]
[Termination "aloe_normansen won by checkmate"]

1. Nf3 Nf6 2. d4 g6 3. c4 Bg7 4. Nc3 O-O 5. g3 d6 6. Bg2 Nc6 7. O-O Bd7 8. Rb1 Bf5 9. Ra1 e5 10. d5 Nb4 11. Nh4 Bd7 12. a3 Na6 13. b4 e4 14. Bb2 g5 15. Qd4 gxh4 16. Nxe4 Nh5 17.
Qd2 Bxb2 18. Qxb2 f5 19. Nd2 Qf6 20. Qc2 f4 21. Bf3 Qg6 22. Qc3 hxg3 23. Kh1 gxh2 24.
c5 Bh3 25. Rfe1 Ng3+ 26. fxg3 fxg3 27. Ne4 Rae8 28. Nxg3 Qxg3 29. Rg1 hxg1=Q+ 30. Rxg1 Qxg1+ 31. Kxg1 Bf5 32. c6 bxc6 33. dxc6 Rf7 34. Bd5 Be6 35. Bxe6 Rxe6 36. Qc4 Rg6+ 37. Kh2 Nb8 38. Qb5 Rf8 39. Qb7 Rg7 40. Qxa7 Nxc6 41. Qa6 Ne5 42. Qb5 Ng4+ 43. Kh3 Nf2+ 44. Kh4 Kh8 45. Qc4 d5 46. Qxc7 Rxc7 47.
e3 Rg7 48. Kh5 Rf5+ 49. Kh6 Rg6# 0-1

[Event "Early-Titled-Tuesday-Blitz-May-14-2024"]
[Site "Chess.com"]
[Date "2024.05.14"]
[Round "11"]
[White "jefferyx"]
[Black "lilleper1"]
[Result "1-0"]
[WhiteElo "3092"]
[BlackElo "2928"]
[TimeControl "180+1"]
[EndTime "10:08:50 PDT"]
[Termination "jefferyx won by resignation"]

1. b4 c6 2. e3 a5 3. b5 Nf6 4. Bb2 d5 5. a4 Nbd7 6. Nf3 Qc7 7.
c4 e6 8. Nc3 Bb4 9. Rc1 Qd6 10.
bxc6 bxc6 11. cxd5 exd5 12. Be2 O-O 13. O-O Ba6 14.
Nd4 Bxe2 15. Ncxe2 c5 16. Nf5 Qe6 17. Qc2 Rfe8 18.
Nf4 Qe4 19. Qxe4 Rxe4 20. d3 Ree8 21. g4 g5 22. Nh3 Nxg4 23. Nxg5 Nde5 24. Rcd1 Ra6 25.
h3 Nf6 26. f4 Ned7 27. Kf2 Kf8 28. Rg1 Rb6 29. Rg2 c4 30. Rdg1 Reb8 31. Nxh7+ Ke8 32.
Nxf6+ Nxf6 33. Bd4 Rc6 34. Be5 Rbc8 35. Nd4 Rb6 36.
dxc4 dxc4 37. Kf3 c3 38. Nb5 Bf8 39. Nxc3 Nd7 40. Bd4 Rb3 41. Nd5 Rc4 42. Rd1 Rxa4 43. Nf6+ Nxf6 44. Bxf6 Rb8 45. Rg8 Rab4 46. Rd5 R4b6 47.
Bg7 Ke7 48. Bxf8+ Rxf8 49. Rxf8 Kxf8 50. Rxa5 Rh6 51. Kg4 Rg6+ 52. Rg5 Re6 53. Kf3 Rh6 54. Kg4 Re6 55. Re5 Rg6+ 56. Kf3 Rh6 57. Kg4 Rg6+ 58. Kh5 Rg3 59. h4 Kg8 60. Rg5+ 1-0

[Event "Early-Titled-Tuesday-Blitz-May-14-2024"]
[Site "Chess.com"]
[Date "2024.05.14"]
[Round "11"]
[White "Vincent_Vega95"]
[Black "Agibileg"]
[Result "1-0"]
[WhiteElo "2795"]
[BlackElo "2879"]
[TimeControl "180+1"]
[EndTime "10:08:50 PDT"]
[Termination "Vincent_Vega95 won by resignation"]

1. d4 Nf6 2. c4 g6 3. Nc3 Bg7 4. e4 d6 5. Be2 O-O 6. Be3 e5 7. d5 Na6 8. h4 Nc5 9. Qc2 c6 10. h5 cxd5 11. cxd5 Qa5 12. h6 Bh8 13. Bd2 Bd7 14. a3 Na6 15. Rc1 Rfc8 16. Nf3 b5 17. Ng5 b4 18. axb4 Nxb4 19. Qb1 Rab8 20. O-O Qb6 21.
Be3 Qd8 22. Bxa7 Ra8 23. Be3 Ng4 24. Bxg4 Bxg4 25. f3 Bd7 26. g4 Bf6 27. Nh3 Qa5 28. Nf2 Qd8 29. Nh3 Qa5 30. Rfd1 Bd8 31. Nf2 Bb6 32. Re1 Bxe3 33. Rxe3 Qd8 34. Ncd1 Qh4 35. Kg2 Qxh6 36. Rcc3 Qh4 37. Rxc8+ Rxc8 38. Rc3 Rb8 39. Rc7 Bb5 40. Qc1 Qd8 41. Ne3 Ba4 42. Ra7 Bb5 43.
Qd2 Qb6 44. Ra3 Bd7 45. Kg3 Qd8 46. Rb3 Qb6 47. Nc2 Nxc2 48. Rxb6 Rxb6 49. Qxc2 Rb7 50. Qc3 Kf8 51. b4 Ke7 52. f4 f6 53. g5 exf4+ 54. Kxf4 fxg5+ 55. Kxg5 Kd8 56. Ng4 Bxg4 57. Kxg4 Re7 58.
Kf4 Kd7 59. Qc6+ Kd8 60. Qxd6+ 1-0

[Event "Early-Titled-Tuesday-Blitz-May-14-2024"]
[Site "Chess.com"]
[Date "2024.05.14"]
[Round "11"]
[White "manitodeplomo"]
[Black "Der_Balak_3Halak"]
[Result "1-0"]
[WhiteElo "2576"]
[BlackElo "2404"]
[TimeControl "180+1"]
[EndTime "10:08:52 PDT"]
[Termination "manitodeplomo won by checkmate"]

1. d4 d5 2. c4 c6 3. Nf3 Nf6 4. Nc3 e6 5. Bg5 Be7 6. e3 O-O 7. Qc2 Nbd7 8. O-O-O h6 9. Bxf6 Nxf6 10. g4 Nxg4 11.
Rg1 f5 12. h3 Nf6 13. Ne5 a5 14. f4 a4 15. Qg2 Ne8 16. Be2 Bf6 17. Bh5 Bxe5 18.
fxe5 Qg5 19. Qxg5 hxg5 20. Rxg5 b6 21. Rdg1 Ra7 22. cxd5 exd5 23. Ne2 c5 24. Nf4 a3 25. b3 c4 26. bxc4 dxc4 27. Kd2 b5 28. Kc3 Ba6 29.
Ne6 Rb7 30. Bxe8 b4+ 31. Kd2 Rxe8 32. Nxg7 Rc8 33. Nxf5+ Kh8 34. Nd6 b3 35. Nxb7 c3+ 36.
Kc1 Bd3 37. Rh5+ Bh7 38. axb3 a2 39. Rxh7+ Kxh7 40. Kc2 Rg8 41. Ra1 Rg3 42. Kxc3 Rxe3+ 43. Kc4 Re2 44. Nc5 Kg6 45. Nd3 Rc2+ 46. Kd5 Kf5 47. Nb4 Rb2 48. Rxa2 Rxb3 49. Ra4 Rxh3 50. Ra5 Rb3 51. Nc6 Kg6 52. Rc5 Kf7 53. Kd6 Ke8 54.
d5 Rf3 55. e6 Rg3 56. Rb5 Kf8 57. Rb8+ Kg7 58. e7 Re3 59. e8=Q Rxe8 60. Rxe8 Kf6 61. Re7 Kg6 62. Kc7 Kf6 63. d6 Kg6 64. d7 Kf6 65.
d8=Q Kg6 66. Qg8+ Kf6 67. Qf8+ Kg6 68. Rg7+ Kh6 69. Qh8# 1-0

[Event "Early-Titled-Tuesday-Blitz-May-14-2024"]
[Site "Chess.com"]
[Date "2024.05.14"]
[Round "11"]
[White "edgarhay012"]
[Black "MatthewG-p4p"]
[Result "0-1"]
[WhiteElo "2653"]
[BlackElo "2852"]
[TimeControl "180+1"]
[EndTime "10:08:53 PDT"]
[Termination "MatthewG-p4p won by resignation"]

1. e4 e6 2. d4 d5 3. Nc3 Bb4 4. e5 Ne7 5. a3 Bxc3+ 6. bxc3 c5 7. a4 Qc7 8. Nf3 h6 9. Bd3 b6 10. O-O Ba6 11. a5 Bxd3 12. cxd3 Nd7 13. axb6 Qxb6 14.
dxc5 Nxc5 15. Ba3 Qc7 16. Nd4 a6 17. Bb4 O-O 18. f4 a5 19. Ba3 Rfc8 20. Kh1 Nf5 21.
Nxf5 exf5 22. Bxc5 Qxc5 23. Qb3 Qxc3 24. Qxd5 Rd8 25.
Qb5 Qxd3 26. Qxd3 Rxd3 27. Ra4 Kf8 28. h3 Ke7 29. Rfa1 Rd5 30. Rc4 Ra7 31. Kh2 g5 32. Kg3 Rb5 33. Ra3 Ra6 34. Kf3 Rab6 35. Rcc3 Rd5 36. Rc7+ Ke6 37. Rcc3 Rb1 38. g3 Rf1+ 39. Ke2 Rb1 40. Rc6+ Ke7 41. Rc7+ Kf8 42. Rac3 Rb2+ 43. Ke3 Rdd2 44. Ra7 Re2+ 45. Kd3 Rbd2+ 46. Kc4 Re4+ 47. Kb5 Rb2+ 48. Kxa5 gxf4 49. gxf4 Ra2+ 50. Kb6 Rxa7 51.
Kxa7 Rxf4 52. Kb6 Re4 53. Kc6 Rxe5 54. Kd6 Re6+ 55. Kd5 Kg7 56. Rg3+ Kf6 57. Rg8 f4 58. Kd4 Kf5 59. Kd3 f3 60. Kd2 f2 0-1

[Event "Early-Titled-Tuesday-Blitz-May-14-2024"]
[Site "Chess.com"]
[Date "2024.05.14"]
[Round "11"]
[White "Grossboss19"]
[Black "suyu28"]
[Result "1-0"]
[WhiteElo "2647"]
[BlackElo "2816"]
[TimeControl "180+1"]
[EndTime "10:08:53 PDT"]
[Termination "Grossboss19 won by resignation"]

1. e4 c5 2. Nf3 d6 3. c3 Nf6 4.
e5 dxe5 5. Nxe5 Nbd7 6. Nf3 b6 7. d4 e6 8. Be2 Bb7 9. O-O Bd6 10. Na3 a6 11. Nc4 Be7 12. Bf4 O-O 13. h3 Ne4 14.
dxc5 Nexc5 15. Qc2 Be4 16. Qd2 b5 17. Nd6 Bd5 18.
c4 bxc4 19. Nxc4 Nf6 20. Ne3 Nce4 21. Qd1 Bc5 22. Nd2 Qb6 23. Nxe4 Nxe4 24. Nxd5 exd5 25. Qxd5 Nxf2 26. Kh2 Rad8 27. Qb3 Qg6 28. Qg3 Qb6 29. Bc7 Qxb2 30. Be5 Qxe5 31. Qxe5 Bd6 32. Qxd6 Rxd6 33.
Rxf2 Rd2 34. Kg1 a5 35. Bc4 Rd4 36. Rc1 g6 37. a4 Kg7 38. Bb5 h5 39. Rc7 Rd1+ 40.
Kh2 g5 41. Bc4 g4 42. hxg4 hxg4 43. Rcxf7+ Rxf7 44.
Rxf7+ Kg6 45. Kg3 Rc1 46. Rf4 Kh5 47. Bb5 Rc3+ 48. Kf2 g3+ 49. Ke2 Kg5 50. Rd4 Ra3 51. Rd3 Ra1 52. Kf3 Kh4 53. Rd4+ Kg5 54. Kxg3 Ra3+ 55.
Rd3 Ra2 56. Rd5+ Kf6 57. Kh3 Rb2 58. Rh5 Rb3+ 59. g3 Kg6 60. Rc5 Kf6 61. Kh4 Rb2 62. g4 Rb3 63. Rc6+ Ke5 64. Kg5 Rf3 65. Rc8 Kd6 66.
Re8 Rf1 67. Kg6 Rf4 68. g5 Rg4 69. Kf5 Rg1 70. g6 Rg2 71. Kf6 Rf2+ 72. Kg7 Rg2 73. Kh7 Rh2+ 74. Kg8 Rg2 75. g7 Rf2 76. Ra8 Rc2 77.
Rxa5 Rc7 78. Kh8 Ke7 79. g8=Q Rc8 80. Ra7+ 1-0

[Event "Early-Titled-Tuesday-Blitz-May-14-2024"]
[Site "Chess.com"]
[Date "2024.05.14"]
[Round "11"]
[White "simaopdias"]
[Black "abelmat"]
[Result "0-1"]
[WhiteElo "2217"]
[BlackElo "2023"]
[TimeControl "180+1"]
[EndTime "10:08:54 PDT"]
[Termination "abelmat won by resignation"]

1. e4 e6 2. d4 d5 3. e5 c5 4. c3 Qb6 5. Nf3 Bd7 6. Be2 cxd4 7.
cxd4 Bb5 8. Nc3 Bb4 9. Bxb5+ Qxb5 10. Qe2 Qxe2+ 11. Kxe2 Nc6 12. Bd2 a6 13. Rac1 Nge7 14. Rc2 O-O 15. a3 Ba5 16. Kd3 Rac8 17. Rhc1 Bb6 18.
Na4 Ba7 19. Nc5 Bxc5 20. Rxc5 Rc7 21. Ba5 Rcc8 22. Bb6 h6 23. h3 Ng6 24. g3 Rfe8 25. b4 f6 26. exf6 gxf6 27. Kd2 Nge7 28. R5c3 Nf5 29. a4 Nd6 30. Bc5 Ne4+ 31. Ke3 Nxc3 32. Rxc3 Kf7 33. Kd3 Ne7 34. Rb3 Ng6 35. h4 h5 36. b5 axb5 37. Rxb5 Rc7 38. Nd2 e5 39. a5 e4+ 40. Ke3 Ra8 41. Nb3 Ne7 42. Bxe7 Kxe7 43.
Rxd5 Rc3+ 44. Kxe4 Rxb3 45. Rxh5 Ra3 46. Rh7+ Kd6 47.
Rxb7 R8xa5 48. Rb6+ Ke7 49. Rb7+ Ke6 50. d5+ Kd6 51. Rb6+ Ke7 52. Rb7+ Kf8 53. h5 R3a4+ 54. Kf5 Rxd5+ 55. Kxf6 Ra6+ 0-1

[Event "Early-Titled-Tuesday-Blitz-May-14-2024"]
[Site "Chess.com"]
[Date "2024.05.14"]
[Round "11"]
[White "Dedic8"]
[Black "wonderfultime"]
[Result "0-1"]
[WhiteElo "2900"]
[BlackElo "3069"]
[TimeControl "180+1"]
[EndTime "10:08:55 PDT"]
[Termination "wonderfultime won by resignation"]

1. d4 d5 2. c4 c6 3. Nf3 Nf6 4. e3 a6 5. Nc3 Bf5 6. c5 Nbd7 7. Nh4 Bg6 8. Bd2 e5 9. Be2 Be7 10. O-O e4 11. Nxg6 hxg6 12. f4 exf3 13. Bxf3 Nf8 14. b4 Ne6 15. Be1 Qd7 16. a4 Bd8 17. Bg3 Bc7 18. Bxc7 Qxc7 19. h3 Ng5 20. Ne2 Kf8 21. Nf4 Re8 22. Ra3 Nge4 23. b5 g5 24. Nh5 g6 25. Bxe4 Nxe4 26. Nf6 Nxf6 27. Rxf6 Kg7 28. Qf1 g4 29. Ra2 gxh3 30. Raf2 Re7 31. bxa6 bxa6 32.
R2f3 hxg2 33. Qxg2 Qb7 34. Qg5 Qb1+ 35. Rf1 Qe4 36. R1f3 Qh4 37. Qxh4 Rxh4 38. Rxc6 Rg4+ 39. Kf2 Re8 40. Rxa6 Rh8 41. Rg3 Rh2+ 42. Kf3 Rgh4 43.
Rd6 Rh5 44. c6 Rf5+ 45. Kg4 Rff2 46. Rd7 Kf8 47. Rf3 Rhg2+ 48. Kf4 g5+ 49. Ke5 Rxf3 50. c7 Rxe3+ 51. Kxd5 Re8 52. Rd8 Rc2 53. Kd6 g4 54. d5 g3 55. Kd7 Rxc7+ 56. Kxc7 Rxd8 57. Kxd8 g2 0-1

[Event "Early-Titled-Tuesday-Blitz-May-14-2024"]
[Site "Chess.com"]
[Date "2024.05.14"]
[Round "11"]
[White "FaustinoOro"]
[Black "Sosat98"]
[Result "0-1"]
[WhiteElo "2920"]
[BlackElo "2773"]
[TimeControl "180+1"]
[EndTime "10:08:56 PDT"]
[Termination "Sosat98 won by resignation"]

1. e4 c5 2. Nf3 d6 3. c3 Nf6 4. h3 Nc6 5. Bd3 d5 6. e5 Nd7 7. Bb5 Qb6 8. Bxc6 Qxc6 9. O-O Nb6 10. d4 Bf5 11. Re1 e6 12. Nbd2 c4 13. Nf1 Be7 14. Ng3 Bg6 15. Bg5 Bf8 16. Qd2 h6 17. Be3 Be7 18.
Nh2 Na4 19. b3 Nb6 20. f4 a5 21. Rf1 Bd3 22. Rf3 Be4 23. Rff1 Rc8 24. Nxe4 dxe4 25.
f5 cxb3 26. axb3 Qxc3 27. Qf2 exf5 28. Rac1 Qxb3 29. Rb1 Qe6 30. Rxb6 Qxb6 31. Qxf5 O-O 32. Qxe4 Qg6 33. Qxb7 Bg5 34. Bf2 Rfd8 35. Nf3 Qc6 36.
Qb1 Qc2 37. Qb5 Bd2 38. Bh4 g5 39. Bg3 Be3+ 40. Kh1 Qc4 41. Qb1 Bxd4 42. Qe1 Bc3 43. Qc1 Bb4 44. Qb1 Qc2 45. Qa1 Bc3 46. Qa3 Qe2 47.
Rg1 Bb4 48. Qb3 Rc3 49. Qa4 Qc2 50. Qb5 Qd3 51. Qb7 Qd5 52. Qa6 Rc6 53. Qe2 Qd3 54. Qf2 Bc5 55. Qe1 Bxg1 56. Nxg1 Qd1 57. Qf2 Rc2 58.
Qf5 Qd2 59. Qf3 Qd5 0-1

[Event "Early-Titled-Tuesday-Blitz-May-14-2024"]
[Site "Chess.com"]
[Date "2024.05.14"]
[Round "11"]
[White "Chernov_Alexander_A"]
[Black "Massakru"]
[Result "1-0"]
[WhiteElo "2297"]
[BlackElo "2400"]
[TimeControl "180+1"]
[EndTime "10:08:56 PDT"]
[Termination "Chernov_Alexander_A won on time"]

1. e4 e5 2. Nf3 Nc6 3. Bb5 a6 4. Ba4 Nf6 5. O-O Be7 6. Re1 b5 7. Bb3 d6 8. c3 O-O 9. h3 Na5 10. Bc2 c5 11. d4 Qc7 12. Bd3 cxd4 13. cxd4 Nc6 14. dxe5 dxe5 15. Nc3 Rd8 16. Qe2 Bb7 17. Bg5 Nd4 18. Qe3 h6 19. Bxf6 Bxf6 20. Nd5 Bxd5 21. exd5 Re8 22. Nxd4 g6 23. Nc6 e4 24. Bxe4 Bxb2 25.
Rab1 Bg7 26. Qd3 Qd6 27. Bf3 Rf8 28. Rbd1 Kh7 29. g3 Rac8 30. Kg2 Rc7 31. Qe4 Kh8 32. h4 h5 33. Qf4 Qd7 34. d6 Rxc6 35. Bxc6 Qxc6+ 36.
Qe4 Qd7 37. Qe7 Qc6+ 38. Qe4 Qd7 39. Qd5 Bf6 40. Re2 Rd8 41. Rc2 Kg7 42. Rc7 Qe8 43. d7 Qe2 44. Rc8 b4 45. Rxd8 Bxd8 46. Qd4+ Kg8 47.
Qd3 Qe6 48. Qd2 a5 49. Re1 Qc6+ 50. Kg1 Bc7 51. Re8+ Kh7 52. d8=Q Bxd8 53. Rxd8 Qc4 54. Qd4 Qc1+ 55. Kh2 g5 56. Qf6 1-0

[Event "Early-Titled-Tuesday-Blitz-May-14-2024"]
[Site "Chess.com"]
[Date "2024.05.14"]
[Round "11"]
[White "ural58"]
[Black "ernestina08chess"]
[Result "0-1"]
[WhiteElo "2444"]
[BlackElo "2330"]
[TimeControl "180+1"]
[EndTime "10:08:56 PDT"]
[Termination "ernestina08chess won on time"]

1. e4 c5 2. b3 d6 3. Bb2 Nf6 4. Bxf6 gxf6 5. Qh5 Nc6 6. f4 Nd4 7. Bc4 e6 8. f5 d5 9. fxe6 Bxe6 10. exd5 Bf5 11.
Na3 Qa5 12. c3 Bg6 13. Qh3 Qxa3 14. cxd4 Bd6 15. Bb5+ Kf8 16. Nf3 Qa5 17. Qh6+ Kg8 18. Be2 cxd4 19. O-O Bf8 20. Qf4 d3 21. Bd1 Qxd5 22.
Rc1 Kg7 23. Nh4 Bc5+ 24. Kh1 Bd4 25. Nf5+ Bxf5 26. Qxf5 Qxf5 27. Rxf5 Rae8 28. Bf3 Re7 29. Rd5 Rhe8 30. h4 Bf2 31. g4 Bxh4 32. Rxd3 Bg5 33.
Kg2 b6 34. a4 Re5 35. Rc4 R8e7 36. b4 Re1 37. b5 Ra1 38. Be4 Ra2 39. Rcd4 Ra1 40.
Bf5 Rae1 41. Rf3 R1e2+ 42. Rf2 R2e5 43. Rd3 h6 44. Ra3 Rc5 45. d4 Rc4 46. d5 Rd4 47. a5 Rxd5 48. axb6 axb6 49. Rb3 Rc5 0-1

[Event "Early-Titled-Tuesday-Blitz-May-14-2024"]
[Site "Chess.com"]
[Date "2024.05.14"]
[Round "11"]
[White "alexrustemov"]
[Black "vovachesss"]
[Result "1/2-1/2"]
[WhiteElo "2924"]
[BlackElo "2828"]
[TimeControl "180+1"]
[EndTime "10:08:58 PDT"]
[Termination "Game drawn by repetition"]

1. d4 Nf6 2. c4 e6 3. Nf3 d5 4.
cxd5 exd5 5. Nc3 c6 6. Bf4 Bd6 7. Bxd6 Qxd6 8. Qb3 O-O 9. e3 Ne4 10. Bd3 Bf5 11. Qc2 Re8 12. O-O Nd7 13. Rab1 Nxc3 14. Qxc3 Bxd3 15. Qxd3 a5 16. h3 h6 17. Rfc1 a4 18.
Qc2 Rec8 19. Ne1 Nf6 20. Nd3 Ne4 21. Nc5 Nxc5 22. Qxc5 Qg6 23. Qc2 Qe6 24. b3 axb3 25.
Rxb3 Ra7 26. a4 Rxa4 27. Rxb7 Rc4 28. Qd1 Rxc1 29. Qxc1 c5 30. dxc5 Qc6 31. Re7 Kf8 32.
Ra7 Qxc5 33. Qxc5+ Rxc5 34. g4 Rc1+ 35. Kg2 Rd1 36. Ra4 Ke7 37. h4 Ke6 38. Ra6+ Ke7 39. Ra7+ Ke6 40. Ra6+ Ke7 41. Ra4 Ke6 42. h5 Ke5 43.
Kf3 Rd2 44. Ra7 Ke6 45. Kg3 Kf6 46. f3 Ke6 47. Kf4 Kf6 48. Ra6+ Ke7 49. Ke5 Rd3 50. Ra7+ Kf8 51. Kf4 Ke8 52. Ra4 Ke7 53. Ra7+ Ke6 54. Ra6+ Ke7 55. Rb6 Kd7 56. Rb4 Ke6 57. Ra4 Kf6 58. Ra6+ Ke7 59. Ra4 Ke6 60. Rd4 Ra3 61. Rd2 Rb3 62. Rc2 Rd3 63. Rc6+ Kd7 64. Ra6 Ke7 1/2-1/2

[Event "Early-Titled-Tuesday-Blitz-May-14-2024"]
[Site "Chess.com"]
[Date "2024.05.14"]
[Round "11"]
[White "mightysmasher"]
[Black "monomita"]
[Result "1-0"]
[WhiteElo "2589"]
[BlackElo "2739"]
[TimeControl "180+1"]
[EndTime "10:08:58 PDT"]
[Termination "mightysmasher won by resignation"]

1. e4 e5 2. Nf3 Nc6 3. d4 exd4 4. Nxd4 Nf6 5. Nc3 Bb4 6. Nxc6 bxc6 7. Bd3 O-O 8. O-O Re8 9. Bg5 h6 10. Bh4 d5 11. exd5 g5 12. Bg3 cxd5 13. a3 Bd6 14. Bxd6 Qxd6 15. Qf3 Bg4 16. Qg3 Qxg3 17. hxg3 c6 18.
Rfe1 Nd7 19. b4 Ne5 20. Bf1 Nd7 21. b5 d4 22. Ne4 cxb5 23. Bxb5 Kg7 24. f3 Be6 25. Nd6 Red8 26. Bd3 Nc5 27. Ne4 Nxd3 28. cxd3 Rab8 29. Rab1 Ba2 30. Rbc1 Rb3 31. Re2 Bb1 32.
Nc5 Rc3 33. Rxb1 Rxc5 34. Rb7 Rc3 35. Rxa7 Rd6 36. Ree7 Rf6 37. Red7 Rxd3 38. Ra4 Rd1+ 39. Kh2 d3 40. Rad4 Re6 41. Rxd3 Ra1 42. g4 Ra2 43. Rd2 Rxa3 44. R7d3 Ra5 45. Kg3 Ree5 46. Rd7 Ra6 47. R2d6 Ra2 48. Rd2 Ra1 49. Rd1 Ra4 50. R1d4 Ra3 51.
Rd3 Ra8 52. Rd8 Raa5 53. R8d7 Kg6 54. R3d6+ Re6 55. Rxe6+ fxe6 56. Rb7 Ra2 57. Rb6 Kf6 58.
Rb7 Ra1 59. Rb6 Rh1 60. Rb7 Ke5 61. Rb5+ Kd4 62. Rb4+ Kd5 63. Rb5+ Kc6 64. Rb3 e5 65. Rd3 Kc5 66. Rd8 Kc4 67. Kf2 Kc5 68. Kg3 Kc6 69.
Kf2 Rh4 70. Kg1 e4 71. g3 Rh3 72. Kg2 exf3+ 73. Kxh3 1-0

[Event "Early-Titled-Tuesday-Blitz-May-14-2024"]
[Site "Chess.com"]
[Date "2024.05.14"]
[Round "11"]
[White "SirGerhard"]
[Black "subham777"]
[Result "1-0"]
[WhiteElo "2711"]
[BlackElo "2539"]
[TimeControl "180+1"]
[EndTime "10:08:59 PDT"]
[Termination "SirGerhard won by resignation"]

1. d4 d5 2. c4 e6 3. Nf3 Nf6 4. Nc3 Be7 5. Bf4 O-O 6. e3 Ne4 7. Nxe4 dxe4 8. Nd2 f5 9. f3 g5 10.
Bg3 f4 11. Bf2 exf3 12. Qxf3 c5 13. Qe4 cxd4 14. exd4 e5 15. dxe5 Nc6 16. c5 Bf5 17. Qc4+ Kh8 18. Qc3 Qd5 19. Bc4 Qxe5+ 20. Qxe5+ Nxe5 21. Bd4 Bf6 22. Bxe5 Bxe5 23. O-O Bxb2 24. Rad1 Bd4+ 25.
Kh1 Bxc5 26. Nf3 Bg4 27. Rd5 Bxf3 28. Rxc5 Bc6 29. Rxg5 Rad8 30. h4 Rd2 31. Kg1 h6 32. Rg4 f3 33. gxf3 Rxf3 34. Rxf3 Bxf3 35. Rg6 Kh7 36. Rf6 Bc6 37. h5 Rg2+ 38. Kf1 Rg5 39.
Rf7+ Rg7 40. Rf8 Rc7 41. Kf2 a5 42. Be6 Re7 43. Rf6 Bd7 44. Bxd7 Rxd7 45. a4 Kg7 46. Rg6+ Kh7 47. Rb6 Re7 48. Kf3 Kg7 49. Kf4 Rc7 50.
Rg6+ Kh7 51. Rb6 Rc4+ 52. Kf5 Rc5+ 53. Kf6 Rc6+ 54. Rxc6 bxc6 55. Ke5 Kg7 56. Kd6 Kf6 57. Kxc6 Kg5 58. Kb5 Kxh5 59. Kxa5 Kg4 60. Kb6 h5 61.
a5 h4 62. a6 h3 63. a7 Kg3 64. a8=Q Kh2 65. Qb8+ Kg1 66. Qg3+ 1-0

[Event "Early-Titled-Tuesday-Blitz-May-14-2024"]
[Site "Chess.com"]
[Date "2024.05.14"]
[Round "11"]
[White "Semetey"]
[Black "MdChess1734"]
[Result "0-1"]
[WhiteElo "2571"]
[BlackElo "2428"]
[TimeControl "180+1"]
[EndTime "10:09:00 PDT"]
[Termination "MdChess1734 won by checkmate"]

1. Nc3 d5 2. d4 Nf6 3. Bf4 Bf5 4. e3 e6 5. Nb5 Na6 6. a3 c6 7. Nc3 Nc7 8. Nf3 Bd6 9. Ne5 O-O 10. h3 c5 11. g4 Bg6 12. h4 cxd4 13. exd4 h5 14. g5 Ng4 15. f3 Nxe5 16. dxe5 Bc5 17. Bd3 b5 18. Qd2 b4 19. axb4 Bxb4 20. O-O-O d4 21. Bxg6 dxc3 22. Qxd8 cxb2+ 23. Kxb2 Rfxd8 24. Be4 Rab8 25. Rxd8+ Rxd8 26. g6 Bc5 27. c3 Nd5 28. gxf7+ Kxf7 29. Bg5 Rb8+ 30. Kc2 Rc8 31. Rb1 Bb6 32. Bxd5 exd5 33. Kd3 Ke6 34. f4 Rc4 35. Rf1 g6 36. Rf3 Ba5 37. Kc2 d4 38. Kb3 Rxc3+ 39. Rxc3 Bxc3 40.
Kc4 a5 41. Bh6 a4 42. Bf8 Kf5 43. Ba3 Ba1 44. Kd3 Bc3 45. Bc5 Be1 46. Bxd4 Bxh4 47. Ke3 Bg3 48. Kf3 Bxf4 49. e6 Bd6 50. e7 Bxe7 51.
Ba1 g5 52. Kg3 Bd6+ 53. Kf3 g4+ 54. Kg2 h4 55. Kf2 h3 56. Kg1 g3 57. Kh1 g2+ 58. Kg1 Bc5+ 59. Kh2 g1=Q+ 60. Kxh3 Qg4+ 61. Kh2 Bd6+ 62. Kh1 Qf3+ 63. Kg1 Bc5+ 64. Kh2 Kg4 65. Be5 Qh3# 0-1

[Event "Early-Titled-Tuesday-Blitz-May-14-2024"]
[Site "Chess.com"]
[Date "2024.05.14"]
[Round "11"]
[White "Quattroporte300"]
[Black "Tolyanius"]
[Result "1/2-1/2"]
[WhiteElo "2446"]
[BlackElo "2670"]
[TimeControl "180+1"]
[EndTime "10:09:03 PDT"]
[Termination "Game drawn by repetition"]

1. e4 e5 2. Nf3 Nc6 3. Bc4 Nf6 4. d3 Bc5 5. O-O d6 6. c3 Bb6 7. Bb3 Ne7 8. Re1 Ng6 9. d4 O-O 10. h3 h6 11. Nbd2 c6 12. Nf1 Nh7 13. dxe5 dxe5 14.
Qxd8 Rxd8 15. Be3 Nhf8 16. Rad1 Be6 17. Kh2 f6 18. g3 Kf7 19. Kg2 Bxb3 20. axb3 Ne6 21.
b4 Ne7 22. Bxb6 axb6 23. Ne3 b5 24. Ra1 g6 25. Kf1 Ng5 26. Nxg5+ hxg5 27. Ke2 Ke6 28. Rh1 Rh8 29. Kd2 f5 30. Rxa8 Rxa8 31. f3 Rh8 32. Ke2 Nc8 33. Kf2 Nd6 34. exf5+ gxf5 35. Kg2 f4 36. Ng4 e4 37. fxe4 Nxe4 38. gxf4 gxf4 39. Nf2 Nd2 40. Re1+ Kf5 41. Ng4 f3+ 42. Kg3 Ne4+ 43. Kxf3 Rxh3+ 44. Kg2 Rg3+ 45. Kh2 Rxg4 46. Ra1 Kf4 47.
Ra7 Kf3 48. Rxb7 Rh4+ 49. Kg1 Ng3 50. Rf7+ Rf4 51. Rxf4+ Kxf4 52. Kf2 Ne4+ 53. Ke2 Nd6 54. Kd3 Ke5 55. b3 Kd5 56. Ke3 Nf7 57. Kf4 Ne5 58. Ke3 Ng4+ 59. Kf4 Nf6 60. Ke3 Ne4 61. Kd3 Nf2+ 62.
Ke3 Ng4+ 63. Kf4 Nf2 64. Ke3 Nd1+ 65. Kd2 Nf2 66. Ke3 1/2-1/2

[Event "Early-Titled-Tuesday-Blitz-May-14-2024"]
[Site "Chess.com"]
[Date "2024.05.14"]
[Round "11"]
[White "Lucky_Puncher"]
[Black "Let_it_be_1"]
[Result "1-0"]
[WhiteElo "2574"]
[BlackElo "2624"]
[TimeControl "180+1"]
[EndTime "10:09:06 PDT"]
[Termination "Lucky_Puncher won on time"]

1. d4 d5 2. c4 e6 3. Nc3 Be7 4. Nf3 Nf6 5. Bg5 Nbd7 6. e3 O-O 7. Rc1 a6 8. a4 c5 9. cxd5 exd5 10. Bd3 b6 11.
O-O Bb7 12. Qc2 Rc8 13. Rfd1 Ne4 14. Bf4 Ndf6 15. Qe2 c4 16. Bc2 Nxc3 17. bxc3 Ne4 18. Bxe4 dxe4 19. Nd2 Qd5 20. Rb1 b5 21. axb5 axb5 22.
Rdc1 Ra8 23. Rc2 Rfc8 24. f3 exf3 25. gxf3 Qf5 26. Rcb2 Bc6 27. Bg3 Qg6 28. e4 b4 29.
Rc1 h5 30. Kh1 h4 31. Bf2 Bb5 32. d5 b3 33. Bd4 f6 34. Rg1 Qh5 35. Qg2 g5 36. f4 Ra2 37. fxg5 fxg5 38. Qh3 Rf8 39. Qe6+ Rf7 40. Rxa2 bxa2 41. Qc8+ Bf8 42. Qe6 Bd7 43.
Qe5 Bg7 44. Qb8+ Kh7 45. e5 Bg4 46. Re1 Bf3+ 47. Nxf3 Qxf3+ 48. Kg1 Qg4+ 49. Kh1 Qf3+ 50. Kg1 h3 51. Qb2 a1=Q 52. Rxa1 g4 53. Qc2+ Kg8 54.
Re1 Bh6 55. Qe2 Qf5 56. e6 Re7 57. Rf1 Qd3 58. Qxg4+ Kh7 59. Qf5+ Qxf5 60. Rxf5 1-0